 Dungeon Crawl Stone Soup version 0.30-a0-897-ga2f19c967e (webtiles) character file.

Game seed: 7094246386177860198

552718 MacCMillion the Slayer (level 25, -8/255 HPs)
             Began as a Minotaur Fighter on Mar 18, 2023.
             Was the Champion of Makhleb.
             Killed from afar by a red draconian scorcher (12 damage)
             ... with a bolt of magma
             ... led by a red draconian scorcher
             ... on level 2 of the Realm of Zot on Mar 19, 2023.
             The game lasted 03:15:25 (73010 turns).

MacCMillion the Slayer (Minotaur Fighter)          Turns: 73010, Time: 03:15:25

Health: -8/255     AC: 34    Str: 35    XL:     25   Next: 10%
Magic:  36/36      EV:  9    Int:  2    God:    Makhleb [******]
Gold:   6541       SH: 15    Dex: 11    Spells: 24/24 levels left

rFire   + + +      SeeInvis +    E - +18 lance "Wyrmbane" {slay drac, rPois rF+ rC+ AC+3}
rCold   + + +      Faith    .    c - +2 shield of Resistance {rF++ rC++ Will++}
rNeg    + + +      Spirit   .    h - +12 gold dragon scales
rPois   +          Reflect  .    Y - +0 mask of the Dragon {Will+ Slay+3 SInv}
rElec   .          Rampage  +    u - scarf "Wifeece" {shadows, Rampage *Corrode rN+++ Regen+}
rCorr   .          Rage     50%  n - +2 pair of gloves {Str+3}
Will    +++++                    e - +2 pair of boots {Fly} Stlth
                                 a - necklace of Bloodlust {Fury *Rage Will++ Int-3 Slay+6}
HPRegen 1.42/turn                Z - +4 ring of slaying
MPRegen 0.25/turn                L - ring of Secenorph {Ice rN+ Slay+6}

@: corroded, on berserk cooldown, flying, slowed, constricted, very slow
A: horns 2, retaliatory headbutt, screaming 1
}: 3/15 runes: serpentine, barnacled, silver
a: Renounce Religion, Minor Destruction, Lesser Servant of Makhleb, Major
Destruction, Greater Servant of Makhleb


You were on level 2 of the Realm of Zot.
You worshipped Makhleb.
Makhleb was exalted by your worship.
You visited 10 branches of the dungeon, and saw 47 of its levels.
You also visited: Sewer and Ice Cave.

You collected 11179 gold pieces.
You spent 4638 gold pieces at shops.

Inventory:

Hand Weapons
 y - a +7 vampiric demon trident
 E - the +18 lance "Wyrmbane" (weapon) {slay drac, rPois rF+ rC+ AC+3}
   (You took it off Maggie on level 6 of the Dungeon)

   AC:        It affects your AC (+3).
   rF:        It protects you from fire.
   rC:        It protects you from cold.
   rPois:     It protects you from poison.
Missiles
 V - 4 throwing nets
Armour
 c - the +2 shield of Resistance (worn) {rF++ rC++ Will++}
   (You found it on level 9 of the Dungeon)

   rF:        It greatly protects you from fire.
   rC:        It greatly protects you from cold.
   Will:      It greatly increases your willpower.
 e - a +2 pair of boots of flying (worn)
 h - +12 gold dragon scales (worn)
 n - a +2 pair of gloves of strength (worn)
 u - the scarf "Wifeece" (worn) {shadows, Rampage *Corrode rN+++ Regen+}
   (You bought it in a shop on level 1 of the Elven Halls)

   rN:        It renders you almost immune to negative energy.
   Regen:     It increases your rate of health regeneration.
   *Corrode:  It may corrode you when you take damage.
   Rampage:   It bestows one free step when moving towards enemies.
 Y - the +0 mask of the Dragon (worn) {Will+ Slay+3 SInv}
   (You bought it in a shop on level 1 of the Elven Halls)

   Slay:      It affects your accuracy & damage with ranged weapons and melee
   (+3).
   SInv:      It lets you see invisible.
   Will:      It increases your willpower.
Jewellery
 a - the necklace of Bloodlust (around neck) {Fury *Rage Will++ Int-3 Slay+6}
   (You bought it in a shop on level 1 of the Depths)

   [amulet of nothing]

   Fury:      It extends the wearer's berserk rage when killing foes.
   Int:       It affects your intelligence (-3).
   Slay:      It affects your accuracy & damage with ranged weapons and melee
   (+6).
   *Rage:     It berserks you when you make melee attacks (+50% chance).
   Will:      It greatly increases your willpower.
 k - the ring of Peyk Rea {rF+ Dex+2}
   (You took it off a deep elf elementalist on level 3 of the Elven Halls)

   [ring of protection from fire]

   Dex:       It affects your dexterity (+2).
   rF:        It protects you from fire.
 l - a ring of protection from fire
 v - the amulet "Oschoes" {+Inv rElec Will+ Regen+}
   (You took it off a deep elf blademaster on level 3 of the Elven Halls)

   [amulet of regeneration]

   rElec:     It insulates you from electricity.
   +Inv:      It lets you turn invisible.
   Regen:     It increases your rate of health regeneration.
   Will:      It increases your willpower.
 A - a +6 ring of strength
 L - the ring of Secenorph (right hand) {Ice rN+ Slay+6}
   (You found it on level 8 of the Dungeon)

   [ring of ice]

   It enhances your ice magic.
   Slay:      It affects your accuracy & damage with ranged weapons and melee
   (+6).
   rF:        It makes you vulnerable to fire.
   rC:        It protects you from cold.
   rN:        It protects you from negative energy.
 Q - a ring of flight
 S - a ring of resist corrosion
 U - an amulet of reflection
 Z - a +4 ring of slaying (left hand)
Wands
 I - a wand of digging (21)
 M - a wand of polymorph (15)
 N - a wand of quicksilver (15)
 O - a wand of mindburst (15)
 R - a wand of roots (37)
Scrolls
 g - 5 scrolls of poison
 j - 8 scrolls of magic mapping
 m - 8 scrolls of silence
 o - 16 scrolls of teleportation
 t - 5 scrolls of butterflies
 w - 9 scrolls of fear
 x - 5 scrolls of torment
 B - 4 scrolls of blinking
 C - 6 scrolls of vulnerability
 G - 9 scrolls of fog
Potions
 b - 3 potions of attraction
 d - 6 potions of might
 f - 6 potions of resistance
 i - 33 potions of curing
 p - 14 potions of flight
 r - 6 potions of haste
 s - 8 potions of heal wounds
 D - 12 potions of lignification
 H - 5 potions of mutation
 J - 3 potions of ambrosia
 K - 4 potions of berserk rage
 P - 7 potions of invisibility
 T - 5 potions of cancellation
Miscellaneous
 q - a lightning rod (4/4)
 z - a condenser vane
 F - a box of beasts
 W - a phantom mirror
 X - a phial of floods


   Skills:
 - Level 26.9 Fighting
 - Level 12.5(19.9) Axes
 + Level 24.4(25.3) Polearms
 - Level 26.9 Armour
 - Level 14.9 Dodging
 - Level 15.0 Shields
 - Level 21.1 Invocations
 - Level 5.0 Evocations


You had 24 spell levels left.
You didn't know any spells.
Your spell library contained the following spells:

 Spells                   Type           Power      Damage    Failure   Level
 Apportation              Tloc           0%         N/A       99%         1
 Foxfire                  Conj/Fire      0%         2x1d4     99%         1
 Kiss of Death            Conj/Necr      0%         2d5       99%         1
 Necrotise                Necr           0%         1d4       99%         1
 Sandblast                Erth           0%         2d4       99%         1
 Summon Small Mammal      Summ           0%         N/A       99%         1
 Blink                    Tloc           0%         N/A       100%        2
 Call Imp                 Summ           0%         N/A       100%        2
 Cigotuvi's Dreadful Rot  Necr/Pois/Air  0%         N/A       100%        2
 Ensorcelled Hibernation  Hex/Ice        0%         N/A       100%        2
 Lesser Beckoning         Tloc           0%         N/A       100%        2
 Momentum Strike          Conj/Tloc      0%         3d8       100%        2
 Passwall                 Tmut/Erth      0%         N/A       100%        2
 Scorch                   Fire           0%         2d5       100%        2
 Static Discharge         Conj/Air       0%         2-2/arc   100%        2
 Sublimation of Blood     Necr           0%         N/A       100%        2
 Call Canine Familiar     Summ           0%         N/A       100%        3
 Confusing Touch          Hex            0%         N/A       100%        3
 Dazzling Flash           Conj/Hex       0%         N/A       100%        3
 Frozen Ramparts          Ice            0%         1d1       100%        3
 Gell's Gravitas          Tloc           0%         N/A       100%        3
 Ignite Poison            Fire/Tmut/Pois 0%         N/A       100%        3
 Kindle Blastsparks       Fire/Tloc/Air  0%         2d10      100%        3
 Ozocubu's Armour         Ice            0%         N/A       100%        3
 Portal Projectile        Hex/Tloc       0%         N/A       100%        3
 Spider Form              Tmut/Pois      0%         N/A       100%        3
 Stone Arrow              Conj/Erth      0%         3d7       100%        3
 Summon Guardian Golem    Hex/Summ       0%         N/A       100%        3
 Teleport Other           Tloc           0%         N/A       100%        3
 Tukima's Dance           Hex            0%         N/A       100%        3
 Vampiric Draining        Necr           0%         2d6       100%        3
 Vhi's Electric Charge    Tloc/Air       0%         N/A       100%        3
 Airstrike                Air            0%         2d(0-16)  100%        4
 Anguish                  Hex/Necr       0%         N/A       100%        4
 Animate Armour           Summ/Erth      0%         N/A       100%        4
 Animate Dead             Necr           0%         N/A       100%        4
 Dispel Undead            Necr           0%         3d6       100%        4
 Ice Form                 Ice/Tmut       0%         N/A       100%        4
 Leda's Liquefaction      Hex/Erth       0%         N/A       100%        4
 Olgreb's Toxic Radiance  Pois           0%         N/A       100%        4
 Passage of Golubria      Tloc           0%         N/A       100%        4
 Summon Ice Beast         Ice/Summ       0%         N/A       100%        4
 Summon Lightning Spire   Summ/Air       0%         N/A       100%        4
 Agony                    Necr           0%         N/A       100%        5
 Alistair's Intoxication  Tmut/Pois      0%         N/A       100%        5
 Blade Hands              Tmut           0%         N/A       100%        5
 Fireball                 Conj/Fire      0%         3d3       100%        5
 Freezing Cloud           Conj/Ice/Air   0%         6-21      100%        5
 Iskenderun's Battlesphe  Conj           0%         2d6       100%        5
 Lightning Bolt           Conj/Air       0%         1d11      100%        5
 Silence                  Hex/Air        0%         N/A       100%        5
 Summon Forest            Summ/Tloc      0%         N/A       100%        5
 Summon Mana Viper        Hex/Summ       0%         N/A       100%        5
 Yara's Violent Unravell  Hex/Tmut       0%         3d3       100%        5
 Conjure Ball Lightning   Conj/Air       0%         3x3d6     100%        6
 Death Channel            Necr           0%         N/A       100%        6
 Dispersal                Tloc           0%         N/A       100%        6
 Iron Shot                Conj/Erth      0%         9d1       100%        6
 Starburst                Conj/Fire      0%         6d3       100%        6
 Statue Form              Tmut/Erth      0%         N/A       100%        6
 Summon Cactus Giant      Summ           0%         N/A       100%        6
 Enfeeble                 Hex            0%         N/A       100%        7
 Orb of Destruction       Conj           0%         9d5       100%        7
 Ozocubu's Refrigeration  Ice            0%         4d7       100%        7
 Spellforged Servitor     Conj/Summ      0%         N/A       100%        7
 Storm Form               Tmut/Air       0%         N/A       100%        7
 Discord                  Hex            0%         N/A       100%        8
 Disjunction              Tloc           0%         N/A       100%        8
 Ignition                 Fire           0%         3d3       100%        8
 Lehudib's Crystal Spear  Conj/Erth      0%         10d2      100%        8
 Maxwell's Capacitive Co  Air            0%         ∞         100%        8
 Death's Door             Necr           0%         N/A       100%        9


Dungeon Overview and Level Annotations

Branches:
Dungeon (15/15)            Temple (0/1) D:7            Lair (5/5) D:9
 Shoals (4/4) Lair:2        Snake (4/4) Lair:3        Slime (0/5) Lair:5
    Orc (2/2) D:12            Elf (3/3) Orc:2        Vaults (5/5) D:13
  Crypt (3/3) Vaults:3       Tomb (0/3) Crypt:3      Depths (4/4) D:15
    Zot (2/5) Depths:4      Sewer (visited)           IceCv (visited)

Altars:
Ashenzari
Dithmenos
Elyvilon
Hepliaklqana
Kikubaaqudgha
Makhleb
Nemelex Xobeh
Okawaru
Qazlal
Sif Muna
Uskayaw
Vehumet
Wu Jian
Xom
Yredelemnul
The Shining One
Jiyva

Shops:
Orc:1 ?   Orc:2 =*:*   Elf:1 ([(   Elf:2 [   Elf:3 =   Shoals:1 *   Shoals:3 ?
Snake:2 **   Vaults:1 ?   Vaults:3 =   Vaults:4 (   Depths:1 (=:=   Depths:2 [

Portals:
Hell: Lair:5 Depths:1 Depths:2 Depths:3 Depths:4
Abyss: Snake:3 Depths:3 Depths:4
Pandemonium: Depths:1 Depths:2 Depths:4
Ziggurat: Depths:4
Trove: Elf:3 (show abyssal rune of Zot)

Annotations:
D:1 1 transporter
D:2 1 runed translucent door, Crazy Yiuf
D:9 1 runed translucent door, 1 transporter
D:11 3 runed translucent doors, flt's ghost, journeyman DjSu
D:13 3 runed translucent doors
Snake:3 2 transporters, krest's ghost, adept MiGl
Crypt:1 2 transporters, Nedaafist's ghost, adept DgNe


Innate Abilities, Weirdness & Mutations

You have a pair of horns on your head.
You reflexively headbutt those who attack you in melee.
You occasionally shout uncontrollably at your foes.


Message History

The tentacled monstrosity grabs you.
You stop ascending the stairs.
The tentacled monstrosity constricts you.
The green draconian monk hits you!!
The green draconian monk kicks you but does no damage.
The green draconian monk tail-slaps you but does no damage.
The green draconian monk tail-slaps you!
* * * LOW HITPOINT WARNING * * *
The red draconian scorcher hits you with a +0 long sword.
* * * LOW HITPOINT WARNING * * *
The purple draconian shifter mumbles some strange words.
The purple draconian shifter blinks!
The moth of wrath bites you but does no damage.
The tentacled monstrosity tentacle-slaps you!!
* * * LOW HITPOINT WARNING * * *
The tentacled monstrosity tentacle-slaps you!
* * * LOW HITPOINT WARNING * * *
The tentacled monstrosity tentacle-slaps you but does no damage.
The tentacled monstrosity constricts you.
* * * LOW HITPOINT WARNING * * *
Unknown command.
Blink to where?
Press: ? - help, Dir - move target The tentacled monstrosity's grasp on you weakens, but your attempt to escape fails.
As you read the scroll of blinking, it crumbles to dust.
You block the green draconian monk's attack.
The green draconian monk kicks you.
* * * LOW HITPOINT WARNING * * *
The green draconian monk barely misses you.
The green draconian monk tail-slaps you!
* * * LOW HITPOINT WARNING * * *
The tentacled monstrosity tentacle-slaps you!
* * * LOW HITPOINT WARNING * * *
The tentacled monstrosity tentacle-slaps you.
* * * LOW HITPOINT WARNING * * *
You block the tentacled monstrosity's attack.
The tentacled monstrosity constricts you.
The moth of wrath closely misses you.
The red draconian scorcher points at you and mumbles some strange words.
The bolt of magma hits you! You partially resist.
You die...

######## #....°..
#....○○○ #....d☼☼
#..q.°○☼
#############..##○#
##...#..#...###q##q#
#..Xq....q.d.....dq.
#..@y.).........Dyy.
#..qy...............
#.?.......).......d)
#.....)†........§...
#...............##..
#............... #..
#####'###..##... #..
...# #..# ### #..
.... .... ...


You could see a tentacled monstrosity (berserk), a green draconian monk
(berserk), a purple draconian shifter, a red draconian scorcher and 2 moths of
wrath.

Vanquished Creatures
  3 dread liches (Vaults:5)
  2 juggernauts
  Frederick (Crypt:2)
  Saint Roka (Orc:1)
  3 caustic shrikes
  4 golden dragons
  Jory (Crypt:3)
  A bone dragon (Depths:4)
  Zenata (Vaults:2)
  A shard shrike zombie (Crypt:3)
  Jorgrun (Shoals:2)
  8 tentacled monstrosities
  2 deep elf blademasters
  Rupert (D:15)
  A quicksilver dragon (Vaults:5)
  6 titans
  2 deep elf master archers (Elf:3)
  3 ancient champions
  5 acid blobs (D:12)
  Frances (Snake:2)
  Polyphemus (Shoals:2)
  A death cob (Zot:2)
  7 sphinxes
  2 storm dragons
  Roxanne (Shoals:3)
  5 tengu reavers
  4 shadow dragons
  A draconian monk (Zot:1)
  2 revenants
  5 azure jellies
  2 nagarajas
  6 frost giants
  2 iron dragons
  6 fire giants
  2 spectral caustic shrikes (Depths:3)
  2 caustic shrike zombies (Crypt:3)
  17 vault wardens
  7 deep elf sorcerers
  A draconian scorcher (Zot:1)
  8 ghouls
  7 deep elf elementalists (Elf:3)
  A ghost moth (Zot:1)
  Aizul (Snake:2)
  A curse skull (Crypt:2)
  3 orc warlords
  A draconian shifter (Depths:4)
  4 war gargoyles
  21 ironbound preservers
  4 draconian annihilators
  The ghost of Jedgh the Markstengu, a journeyman TeHu of the Shining One (Orc:1)
  11 stone giants
  18 very ugly things
  12 ironbound thunderhulks
  4 spriggan defenders
  6 deep elf demonologists
  A draconian stormcaller (Depths:4)
  Nessos (Lair:5)
  8 deep elf annihilators
  A rockslime zombie (Crypt:1)
  4 green draconians
  3 black draconians
  3 purple draconians
  4 dire elephants
  23 vampire knights
  A yellow draconian (Zot:2)
  3 white draconians
  A bunyip (shapeshifter) (Vaults:5)
  6 spark wasps (Depths:2)
  The ghost of jrbgvjkr the Protected, a journeyman MiFi of Okawaru (D:12)
  Azrael (Snake:1)
  A red draconian (Zot:2)
  10 ettins
  8 fire dragons
  7 eidola
  5 deep elf death magi (Elf:3)
  8 merfolk impalers
  2 merfolk javelineers (Shoals:4)
  A quicksilver dragon zombie (Crypt:3)
  11 jiangshi
  3 deep elf high priests
  11 crystal guardians (Depths:3)
  5 entropy weavers
  A spriggan zombie (Crypt:3)
  10 yaktaur captains
  An acid blob zombie (Crypt:1)
  Harold (Lair:1)
  Fannar (D:12)
  A quicksilver dragon skeleton (Crypt:1)
  A great orb of eyes (Vaults:1)
  A rakshasa (Depths:3)
  6 salamander tyrants
  A hell beast (Depths:1)
  43 vault guards
  6 hydras
  Erolcha (D:13)
  A peacekeeper (Vaults:2)
  4 merfolk avatars
  4 spriggan air magi
  2 alligator snapping turtles (Shoals:4)
  5 centaur warriors
  9 ice dragons
  3 ogre magi
  4 death knights
  10 ironbound frosthearts
  13 two-headed ogres
  A catoblepas (Shoals:3)
  6 deep troll shamans
  4 merfolk aquamancers
  12 anacondas
  2 satyrs (Shoals:3)
  13 vampire magi
  3 boulder beetles
  14 dancing weapons
  2 tengu warriors
  13 naga warriors
  A hell hog (Depths:1)
  12 death yaks
  4 orc high priests
  6 spriggan berserkers
  7 deep troll earth magi
  14 naga sharpshooters
  9 shock serpents
  Amaemon (Lair:3)
  Urug (D:12)
  A fire crab (shapeshifter) (Depths:2)
  A soul eater (Depths:1)
  12 hell knights
  11 deep elf knights
  7 iron trolls
  36 skeletal warriors
  3 skysharks
  2 shadow wraiths
  2 spark wasp zombies
  7 salamander mystics (Snake:4)
  90 deep trolls
  A sixfirhy (Lair:5)
  7 sea snakes
  A quicksilver dragon simulacrum (Depths:1)
  An orange crystal statue (Depths:3)
  6 flayed ghosts
  5 deep elf archers
  3 glowing orange brains
  8 naga ritualists
  A bog body (Crypt:3)
  13 lindwurms
  20 ironbound convokers
  23 deep elf pyromancers
  17 harpies
  22 deep elf zephyrmancers
  24 phantasmal warriors
  An iron dragon zombie (Crypt:3)
  A wolf spider (Vaults:5)
  4 necromancers
  11 orc knights
  3 moths of wrath
  A broodmother zombie (Crypt:1)
  A harpy (shapeshifter) (D:14)
  12 manticores
  6 mana vipers
  A shadow dragon skeleton (Depths:2)
  A cyclops (shapeshifter) (Depths:1)
  2 cyclopes
  21 salamanders
  25 ugly things
  2 orc sorcerers
  4 fauns
  An elephant (Lair:5)
  A fire giant skeleton (Crypt:1)
  7 merfolk sirens
  21 vault sentinels
  6 centaur zombies (D:11)
  An ice statue (IceCv)
  A guardian serpent (shapeshifter) (Elf:2)
  A stone giant skeleton (Crypt:1)
  A water nymph (Shoals:2)
  43 black mambas
  An eye of devastation (D:12)
  3 orange demons
  9 guardian serpents
  12 cane toads
  A torpor snail (Lair:5)
  2 smoke demons
  24 naga magi
  5 freezing wraiths
  An unseen horror (D:12)
  11 rime drakes
  11 komodo dragons
  A purple draconian skeleton (Crypt:3)
  4 ice devils
  18 yaktaurs
  2 tengu conjurers
  12 merfolk
  15 trolls
  A hydra zombie (Crypt:3)
  A white draconian skeleton (Crypt:1)
  3 wind drakes
  14 polar bears
  A queen bee (shapeshifter) (D:14)
  3 hornets
  12 blink frogs
  7 dream sheep
  A meliai zombie (D:11)
  A raiju (shapeshifter) (Elf:3)
  2 ettin zombies (Crypt:3)
  11 snapping turtles
  Prince Ribbit (D:6)
  A frost giant simulacrum (Depths:2)
  43 slime creatures
  A fire giant simulacrum (Depths:2)
  A culicivora (Vaults:3)
  An ice dragon skeleton (Crypt:2)
  A spriggan (Lair:2)
  6 flying skulls (Crypt:3)
  A shadow (D:11)
  An ettin skeleton (Depths:2)
  2 air elementals
  90 yaks
  16 water elementals
  5 wyverns
  16 humans
  A human (shapeshifter) (Elf:3)
  17 wraiths
  2 fire elementals (Snake:1)
  4 golden eyes (D:12)
  8 redbacks
  3 steam dragons
  6 vampire mosquitoes
  A death yak simulacrum (Lair:4)
  34 nagas
  A harpy simulacrum (Lair:4)
  4 wargs
  4 acid dragons
  15 water moccasins
  A water nymph skeleton (Crypt:2)
  A glowing shapeshifter skeleton (Crypt:3)
  6 hell hounds
  2 sky beasts (D:7)
  An ettin simulacrum (Vaults:2)
  31 orc warriors
  A black bear (Lair:4)
  22 ogres
  24 wolves
  10 centaurs
  16 boggarts
  A manticore skeleton (Crypt:3)
  3 phantoms
  A salamander zombie (Crypt:2)
  An elf simulacrum (Vaults:2)
  A komodo dragon zombie (Crypt:2)
  A rime drake zombie (Crypt:2)
  4 kobold brigands
  Blork the orc (D:5)
  14 bullfrogs
  4 necrophages
  2 scorpions (D:5)
  A water moccasin zombie (Crypt:3)
  A cane toad simulacrum (Lair:4)
  An earth elemental (Elf:2)
  11 wights
  3 electric eels (Snake:3)
  4 crimson imps (D:10)
  3 jellies
  A lava snake (Lair:4)
  3 hounds
  22 orc priests
  A boggart zombie (D:11)
  4 iguanas
  26 orc wizards
  A sleepcap (D:5)
  4 hell rats (Lair:4)
  A polar bear simulacrum (Lair:4)
  A troll simulacrum (Lair:4)
  A naga zombie (Crypt:3)
  A naga skeleton (Crypt:1)
  4 howler monkey zombies (D:11)
  Robin (D:4)
  10 adders
  12 gnolls
  A naga simulacrum (Lair:4)
  A swamp drake skeleton (Crypt:3)
  A shadow imp (D:7)
  2 white imps
  An ufetubus (D:6)
  An adder skeleton (Crypt:3)
  An adder zombie (Crypt:2)
  2 worms (D:2)
  A dart slug (D:2)
  73 orcs
  15 ball pythons
  5 bats
  5 endoplasms
  12 giant cockroaches
  21 goblins
  6 hobgoblins
  4 jackals
  9 quokkas
  A ball python skeleton (Crypt:3)
  8 frilled lizards
  A frilled lizard skeleton (Crypt:1)
  22 kobolds
  9 rats
  A rat skeleton (Crypt:3)
  A river rat zombie (Crypt:2)
2059 creatures vanquished.

Vanquished Creatures (collateral kills)
  Mlioglotl (Shoals:3)
  A vault warden (Vaults:4)
  Louise (Depths:3)
  A spectral caustic shrike (Depths:3)
  A spriggan defender (Depths:3)
  A vampire knight (Depths:3)
  A merfolk impaler (Shoals:3)
  A salamander tyrant (Snake:4)
  A merfolk aquamancer (Shoals:4)
  A boulder beetle (D:11)
  A two-headed ogre (Orc:2)
  A vault guard (Vaults:2)
  2 naga warriors (Snake:2)
  11 dancing weapons (Elf:2)
  2 naga sharpshooters
  3 spriggans (Depths:3)
  4 deep elf knights (Elf:2)
  2 shock serpents (Snake:4)
  A salamander mystic (Snake:4)
  A naga ritualist (Snake:4)
  A wizard (Lair:5)
  A deep elf pyromancer (Elf:2)
  2 deep elf zephyrmancers (Elf:2)
  2 cyclopes (Orc:2)
  2 salamanders
  2 naga magi (Snake:4)
  A black mamba (Lair:5)
  Maggie (D:6)
  A red devil (Lair:5)
  2 merfolk (Shoals:3)
  2 hornets (Depths:3)
  A yak (D:10)
  A warg (Orc:2)
  5 nagas (Snake:4)
  Edmund (D:6)
  A hell hound (Lair:5)
  3 ogres (Orc:2)
  An orc warrior (Orc:2)
  An orc wizard (Orc:2)
  3 orcs (Orc:2)
72 creatures vanquished.

Vanquished Creatures (others)
  A fire giant (Depths:3)
  A draconian knight (Zot:2)
  An ironbound preserver (Vaults:5)
  A deep elf knight (Vaults:5)
  A manticore (Shoals:4)
  A guardian serpent (Snake:2)
  A human (D:7)
  A boggart (D:15)
  An orc (Orc:1)
  A goblin (D:4)
  24 fungi
  72 plants
106 creatures vanquished.

Grand Total: 2237 creatures vanquished

Notes
Turn   | Place    | Note
-------+----------+-------------------------------------------
     0 | D:1      | MacCMillion the Minotaur Fighter began the quest for the
                  | Orb.
     0 | D:1      | Reached XP level 1. HP: 19/19 MP: 0/0
   204 | D:1      | Found a faded altar of an unknown god.
   381 | D:1      | Prayed at the altar of an unknown god.
   381 | D:1      | Became a worshipper of Makhleb the Destroyer
   381 | D:1      | Reached * piety under Makhleb
   473 | D:1      | Reached XP level 2. HP: 26/26 MP: 1/1
  1117 | D:2      | Reached XP level 3. HP: 21/31 MP: 2/2
  1118 | D:2      | Reached skill level 1 in Invocations
  1283 | D:2      | Reached skill level 5 in Shields
  1371 | D:2      | Reached XP level 4. HP: 37/39 MP: 4/4
  1600 | D:2      | Reached ** piety under Makhleb
  1808 | D:2      | Found a runed translucent door.
  1809 | D:2      | Noticed Crazy Yiuf
  2840 | D:3      | Found a glowing golden altar of the Shining One.
  2872 | D:3      | Reached XP level 5. HP: 44/45 MP: 5/5
  2908 | D:3      | Found an iron altar of Okawaru.
  3339 | D:4      | Noticed Robin
  3586 | D:4      | Found a glowing drain.
  3595 | Sewer    | Entered a sewer
  3616 | Sewer    | Reached skill level 5 in Axes
  3677 | Sewer    | Reached *** piety under Makhleb
  3905 | Sewer    | Reached XP level 6. HP: 50/51 MP: 7/7
  4116 | D:4      | Killed Robin
  4454 | D:5      | Entered Level 5 of the Dungeon
  4622 | D:5      | Found an ornate altar of the Wu Jian Council.
  4629 | D:5      | Reached XP level 7. HP: 45/57 MP: 8/8
  4825 | D:5      | Noticed Blork the orc
  5051 | D:5      | Reached **** piety under Makhleb
  5204 | D:5      | Reached XP level 8. HP: 34/64 MP: 9/9
  5685 | D:5      | Killed Blork the orc
  5966 | D:5      | Found a basalt altar of Yredelemnul.
  6074 | D:5      | Reached skill level 10 in Axes
  6566 | D:6      | Noticed Prince Ribbit
  6573 | D:6      | Killed Prince Ribbit
  6574 | D:6      | Reached skill level 5 in Invocations
  6623 | D:6      | Found a radiant altar of Vehumet.
  6912 | D:6      | Noticed Edmund
  6932 | D:6      | Killed Edmund
  7198 | D:6      | Noticed Maggie
  7417 | D:6      | Killed Maggie
  7418 | D:6      | Reached XP level 9. HP: 41/70 MP: 11/11
  7666 | D:7      | Found a staircase to the Ecumenical Temple.
  7694 | D:7      | Reached skill level 1 in Polearms
  8201 | D:7      | Reached skill level 5 in Polearms
  8508 | D:7      | Found an ancient bone altar of Kikubaaqudgha.
  8573 | D:7      | Reached skill level 5 in Fighting
  9321 | D:8      | Reached XP level 10. HP: 84/84 MP: 12/12
  9532 | D:8      | Identified the ring of Secenorph {Ice rN+ Slay+6}
  9826 | D:9      | Found a white marble altar of Elyvilon.
  9870 | D:9      | Reached skill level 5 in Armour
  9933 | D:9      | Noticed a +0 dagger
  9934 | D:9      | Noticed a +0 falchion
  9934 | D:9      | Noticed a +0 short sword
  9934 | D:9      | Noticed a +0 spear
  9935 | D:9      | Noticed a +0 falchion
  9935 | D:9      | Noticed a +0 spear
  9936 | D:9      | Noticed a +0 short sword
  9937 | D:9      | Noticed a +0 dagger
  9942 | D:9      | Found a hide-covered altar of Uskayaw.
  9942 | D:9      | Found a runed translucent door.
  9944 | D:9      | Noticed an ice dragon
  9947 | D:9      | Noticed a fire dragon
  9956 | D:9      | Noticed an ice dragon
  9956 | D:9      | Found the +2 shield of Resistance {rF++ rC++ Will++}
  9957 | D:9      | Noticed a fire dragon
  9960 | D:9      | Found a runed translucent door.
 10226 | D:9      | Found a sparkling altar of Nemelex Xobeh.
 10226 | D:9      | Found a transporter.
 10226 | D:9      | Noticed a boulder beetle
 10227 | D:9      | Noticed a cyan ugly thing
 10598 | D:10     | Entered Level 10 of the Dungeon
 10715 | D:10     | Noticed a two-headed ogre
 10719 | D:10     | Noticed a two-headed ogre
 10738 | D:10     | Found a stormy altar of Qazlal.
 10746 | D:10     | Killed a two-headed ogre
 10760 | D:10     | Killed a two-headed ogre
 10995 | D:10     | Reached XP level 11. HP: 85/97 MP: 13/13
 11293 | D:10     | Found a shimmering altar of Xom.
 11460 | D:11     | Reached skill level 1 in Dodging
 11469 | D:11     | Reached skill level 10 in Fighting
 11636 | D:11     | Noticed a boulder beetle
 12031 | D:11     | Reached ***** piety under Makhleb
 12087 | D:11     | Found a runed translucent gate.
 12087 | D:11     | Found a runed translucent gate.
 12088 | D:11     | Found a runed translucent gate.
 12088 | D:11     | Found an opulent altar of Gozag.
 12090 | D:11     | Noticed flt's ghost (journeyman DjSu)
 12090 | D:11     | Noticed an entropy weaver
 12336 | D:11     | Killed a boulder beetle
 12349 | D:11     | Reached skill level 10 in Armour
 12375 | D:11     | Found a basalt altar of Yredelemnul.
 12641 | D:12     | Found a shadowy altar of Dithmenos.
 12643 | D:12     | Noticed Fannar
 12643 | D:12     | Noticed a purple ugly thing
 12658 | D:11     | Killed a purple ugly thing
 12659 | D:11     | Reached XP level 12. HP: 113/113 MP: 15/15
 12768 | D:12     | Killed Fannar
 13008 | D:12     | Found a staircase to the Orcish Mines.
 13193 | D:12     | Noticed a centaur warrior
 13213 | D:12     | Killed a centaur warrior
 13812 | D:12     | Found a runed translucent gate.
 13813 | D:12     | Found a runed translucent gate.
 13813 | D:12     | Found a runed translucent gate.
 13813 | D:12     | Noticed an acid blob
 13813 | D:12     | Noticed an azure jelly
 13814 | D:12     | Noticed an azure jelly
 13814 | D:12     | Noticed an acid blob
 13815 | D:12     | Noticed an azure jelly
 13815 | D:12     | Noticed jrbgvjkr's ghost (journeyman MiFi)
 13815 | D:12     | Noticed an azure jelly
 13816 | D:12     | Noticed an acid blob
 13816 | D:12     | Noticed an acid blob
 13816 | D:12     | Noticed an azure jelly
 13816 | D:12     | Noticed an acid blob
 13866 | D:12     | Found a viscous altar of Jiyva.
 13905 | D:13     | Noticed a centaur warrior
 13905 | D:13     | Noticed an eight-headed hydra
 13905 | D:13     | Noticed Urug
 13905 | D:13     | Noticed a two-headed ogre
 13905 | D:13     | Found a gate to the Vaults.
 14513 | D:9      | Found a staircase to the Lair.
 14553 | Lair:1   | Entered Level 1 of the Lair of Beasts
 15091 | Lair:1   | Noticed Harold
 15110 | Lair:1   | Killed Harold
 15207 | Lair:1   | Noticed a seven-headed hydra
 15220 | Lair:1   | Killed a seven-headed hydra
 15735 | Lair:2   | Identified the +6 dagger "Giant's Toothpick" {drain, Contam
                  | rC++ Int+5}
 15806 | Lair:2   | Reached skill level 15 in Fighting
 15840 | Lair:2   | Reached skill level 10 in Invocations
 15861 | Lair:2   | Reached XP level 13. HP: 126/126 MP: 19/19
 16292 | Lair:2   | Found a staircase to the Shoals.
 17048 | Lair:3   | You fall into a shaft and drop 1 floor!
 17381 | Lair:3   | Found a staircase to the Snake Pit.
 17452 | Lair:3   | Noticed Amaemon
 17464 | Lair:3   | Killed Amaemon
 18572 | Lair:4   | Reached ****** piety under Makhleb
 19300 | Lair:5   | Entered Level 5 of the Lair of Beasts
 19640 | D:9      | Killed a fire dragon
 19680 | D:9      | Killed a fire dragon
 19983 | Lair:5   | Reached XP level 14. HP: 135/135 MP: 24/24
 20002 | Lair:5   | Found a shimmering altar of Xom.
 20131 | Lair:5   | Reached skill level 15 in Invocations
 20536 | Lair:5   | Found a burning altar of Makhleb.
 20749 | Lair:5   | Noticed Nessos
 20758 | Lair:5   | Killed Nessos
 21469 | Lair:5   | Identified a scroll of acquirement
 21918 | Lair:5   | Found a staircase to the Slime Pits.
 21918 | Lair:5   | Found a viscous altar of Jiyva.
 22069 | Lair:5   | Found a gateway to Hell.
 22417 | Orc:1    | Entered Level 1 of the Orcish Mines
 22419 | Orc:1    | Found Ricserch's Magic Scroll Boutique.
 22434 | Orc:1    | Acquired a +0 pair of gloves of strength
 22714 | Orc:1    | Found a runed translucent gate.
 22715 | Orc:1    | Found a runed translucent gate.
 22716 | Orc:1    | Found a runed translucent gate.
 22845 | Orc:1    | Noticed Jedgh's ghost (journeyman TeHu)
 22873 | Orc:2    | Entered Level 2 of the Orcish Mines
 23355 | Orc:2    | Found a frozen archway.
 23361 | IceCv    | Entered an ice cave
 23767 | IceCv    | Reached XP level 15. HP: 114/143 MP: 26/26
 24061 | IceCv    | Reached skill level 10 in Shields
 24205 | Orc:2    | Found a staircase to the Elven Halls.
 24217 | Orc:2    | Noticed Saint Roka
 24276 | Orc:1    | Killed Saint Roka
 24932 | Orc:2    | Found Keip's General Store.
 24940 | Orc:2    | Found Naotej's General Store.
 24948 | Orc:2    | Found Yga Qyx's Jewellery Shop.
 24971 | Orc:2    | Bought a potion of heal wounds for 80 gold pieces
 24971 | Orc:2    | Bought a potion of berserk rage for 80 gold pieces
 24987 | Orc:2    | Found Koh Losut's Book Shoppe.
 25681 | D:12     | Killed Urug
 25958 | D:13     | Found a runed translucent gate.
 25958 | D:13     | Found a runed translucent gate.
 25958 | D:13     | Found a runed translucent gate.
 26013 | D:13     | Noticed Erolcha
 26022 | D:13     | Killed Erolcha
 27409 | D:14     | Found an ornate altar of the Wu Jian Council.
 27448 | D:15     | Entered Level 15 of the Dungeon
 28085 | D:15     | Reached XP level 16. HP: 151/151 MP: 27/27
 28088 | D:15     | Reached skill level 15 in Shields
 28291 | D:15     | Noticed Rupert
 28306 | D:15     | Killed Rupert
 28897 | D:15     | Found a staircase to the Depths.
 29393 | Snake:1  | Entered Level 1 of the Snake Pit
 29509 | Snake:1  | Noticed Azrael
 29517 | Snake:1  | Killed Azrael
 30236 | Snake:1  | You fall into a shaft and drop 1 floor!
 30565 | Snake:2  | Noticed Aizul
 30581 | Snake:2  | Killed Aizul
 30660 | Snake:2  | Noticed Frances
 30671 | Snake:2  | Killed Frances
 30724 | Snake:2  | Found Ynuetesh's General Store.
 30731 | Snake:2  | Found Ridghocw's Assorted Antiques.
 30786 | Snake:2  | Reached skill level 1 in Evocations
 31323 | Snake:2  | Reached XP level 17. HP: 160/166 MP: 28/28
 31554 | Snake:3  | Reached skill level 15 in Armour
 32815 | Snake:3  | Noticed krest's ghost (adept MiGl)
 32826 | Snake:3  | Found a transporter.
 32834 | Snake:3  | Found a transporter.
 32988 | Snake:3  | Found a one-way gate to the infinite horrors of the Abyss.
 33365 | Snake:4  | Entered Level 4 of the Snake Pit
 34115 | Snake:4  | Reached skill level 5 in Evocations
 36816 | Snake:4  | Reached XP level 18. HP: 178/178 MP: 29/29
 36836 | Snake:4  | Got a serpentine rune of Zot
 37060 | Shoals:1 | Entered Level 1 of the Shoals
 37326 | Shoals:1 | Found Iiygodd's Incredible Inventory.
 37334 | Shoals:1 | Bought a manual of Invocations for 800 gold pieces
 38471 | Shoals:3 | Found Foorhegg's Magic Scroll Boutique.
 38472 | Shoals:3 | Noticed Polyphemus
 38482 | Shoals:3 | Noticed Jorgrun
 38510 | Shoals:2 | Killed Polyphemus
 38706 | Shoals:2 | Killed Jorgrun
 38846 | Shoals:3 | Bought a scroll of acquirement for 884 gold pieces
 38846 | Shoals:3 | Acquired 800 gold pieces
 38961 | Shoals:3 | Identified Roxanne's Quarto of Cleavage
 38961 | Shoals:3 | Noticed Roxanne
 38983 | Shoals:3 | Killed Roxanne
 39211 | Shoals:3 | Found a stormy altar of Qazlal.
 39237 | Shoals:3 | Noticed Mlioglotl
 39257 | Shoals:3 | Killed Mlioglotl
 39605 | Shoals:3 | Got Witchcraft in Simple Steps
 39755 | Shoals:4 | Entered Level 4 of the Shoals
 40007 | Shoals:4 | Got a barnacled rune of Zot
 40088 | Shoals:4 | Identified the +1 scale mail "Tuakhluco" {Fly rPois rF-
                  | Dex+4}
 40979 | Elf:1    | Entered Level 1 of the Elven Halls
 41240 | Elf:1    | Found Zirodubi's Antique Weapon Shop.
 41306 | Elf:1    | Paralysed by an air elemental for 1 turns
 41595 | Elf:1    | Found Yroa's Armour Emporium.
 41598 | Elf:1    | Bought the +0 mask of the Dragon {Will+ Slay+3 SInv} for
                  | 467 gold pieces
 41598 | Elf:1    | Found the +0 mask of the Dragon {Will+ Slay+3 SInv}
 41605 | Elf:1    | Bought the scarf "Wifeece" {shadows, Rampage *Corrode rN+++
                  | Regen+} for 453 gold pieces
 41881 | Elf:1    | Reached XP level 19. HP: 189/189 MP: 31/31
 42149 | Elf:1    | Found Qetara's Antique Weapon Boutique.
 42632 | Elf:2    | Found Feitexku's Armour Shoppe.
 43285 | Elf:2    | Found a huge runed translucent gate.
 43285 | Elf:2    | Found a huge runed translucent gate.
 43285 | Elf:2    | Found a huge runed translucent gate.
 43285 | Elf:2    | Found a huge runed translucent gate.
 43285 | Elf:2    | Found a huge runed translucent gate.
 44168 | Elf:3    | Entered Level 3 of the Elven Halls
 44187 | Elf:3    | Paralysed by an air elemental for 1 turns
 44211 | Elf:3    | Acquired 1209 gold pieces
 44229 | Elf:3    | Found a portal to a secret trove of treasure.
 44458 | Elf:3    | Gained mutation: You occasionally shout uncontrollably at
                  | your foes. [a neqoxec]
 44616 | Elf:3    | Identified the amulet "Oschoes" {+Inv rElec Will+ Regen+}
 44870 | Elf:3    | Identified the ring of Peyk Rea {rF+ Dex+2}
 44973 | Elf:3    | Found Ethracroi's Jewellery Shop.
 45875 | Elf:3    | Found Ethracroi's Jewellery Shop.
 46063 | Elf:3    | Found a portal to a secret trove of treasure.
 46456 | Elf:3    | Identified the ring "Usatuih" {rElec rPois}
 46544 | Elf:3    | Identified the +0 plate armour "Sienefeg" {Rampage Dex+2
                  | SInv}
 46767 | Elf:3    | Got Vuituh's Handbook of Contaminated Position
 46770 | Elf:3    | Got Jut Zoim's Compilation of the Okapi
 47670 | Orc:1    | Bought a scroll of brand weapon for 161 gold pieces
 47690 | Orc:1    | Killed Jedgh's ghost
 47868 | Elf:3    | Acquired 1013 gold pieces
 48087 | Vaults:1 | Entered Level 1 of the Vaults
 48898 | Vaults:1 | Reached XP level 20. HP: 202/202 MP: 33/33
 49132 | Vaults:1 | Reached skill level 5 in Dodging
 49922 | Vaults:1 | Found Mouhisch's Magic Scroll Shoppe.
 49929 | Vaults:1 | Bought a scroll of fear for 60 gold pieces
 49929 | Vaults:1 | Bought a scroll of fog for 60 gold pieces
 49981 | Vaults:1 | Acquired 922 gold pieces
 51314 | Vaults:2 | Noticed Zenata
 51329 | Vaults:2 | Killed Zenata
 52383 | Vaults:3 | Identified the +11 sling of the Establishment {freeze,
                  | Int+2}
 52543 | Vaults:3 | Reached skill level 10 in Polearms
 53038 | Vaults:3 | Found Puwn's Jewellery Shoppe.
 53174 | Vaults:3 | Reached skill level 10 in Dodging
 53216 | Vaults:3 | Reached XP level 21. HP: 212/212 MP: 34/34
 53363 | Vaults:3 | Found a staircase to the Crypt.
 53363 | Vaults:3 | Found an ancient bone altar of Kikubaaqudgha.
 53363 | Vaults:3 | Found a basalt altar of Yredelemnul.
 54608 | Vaults:4 | Found Sesm's Weapon Shoppe.
 54895 | Vaults:5 | Entered Level 5 of the Vaults
 54900 | Vaults:5 | Noticed a golden dragon
 54905 | Vaults:5 | Killed a golden dragon
 55137 | Vaults:5 | Noticed a dread lich
 55150 | Vaults:5 | Killed a dread lich
 55363 | Vaults:5 | Identified the +4 sling "Herphasa" {flame, rElec rPois}
 55369 | Vaults:5 | Identified the +6 mace "Gafik" {freeze, rC++}
 55712 | Vaults:5 | Noticed a golden dragon
 55716 | Vaults:5 | Killed a golden dragon
 55765 | Vaults:5 | Got a silver rune of Zot
 55819 | Vaults:5 | Noticed a dread lich
 55851 | Vaults:5 | Reached XP level 22. HP: 224/224 MP: 35/35
 55890 | Vaults:5 | Killed a dread lich
 56057 | Vaults:5 | Identified the +1 leather armour of a treasure trove {rPois
                  | rC++}
 56111 | Vaults:5 | Found the +9 staff of Wucad Mu {*channel}
 56526 | Vaults:5 | Acquired a manual of Polearms
 56673 | Vaults:5 | Noticed a dread lich
 56680 | Vaults:5 | Killed a dread lich
 56830 | Vaults:5 | Identified the +5 scale mail of Tonucs {rC+++ Slay+2}
 57025 | Crypt:1  | Entered Level 1 of the Crypt
 57401 | Crypt:1  | Identified the +0 leather armour of Rave {Dex+2}
 57402 | Crypt:1  | Found a transporter.
 57412 | Crypt:1  | Noticed Nedaafist's ghost (adept DgNe)
 57450 | Crypt:1  | Found a transporter.
 58022 | D:12     | Killed jrbgvjkr's ghost
 58038 | D:12     | Reached skill level 15 in Polearms
 58256 | D:12     | Got the Octavo of the Galvanic Salvo
 58300 | Orc:1    | Bought a scroll of blinking for 127 gold pieces
 58495 | Shoals:3 | Bought a scroll of blinking for 127 gold pieces
 58495 | Shoals:3 | Bought a scroll of enchant armour for 127 gold pieces
 58601 | Snake:2  | Bought a scroll of enchant weapon for 75 gold pieces
 58913 | Depths:1 | Entered Level 1 of the Depths
 59329 | Crypt:1  | Found a transporter.
 59450 | Crypt:1  | Found a transporter.
 60440 | Crypt:2  | Noticed Frederick
 60451 | Crypt:2  | Killed Frederick
 60664 | Crypt:2  | Reached XP level 23. HP: 234/234 MP: 36/36
 61118 | Crypt:3  | Entered Level 3 of the Crypt
 61118 | Crypt:3  | Found a staircase to the Tomb.
 62175 | Crypt:3  | Found a basalt altar of Yredelemnul.
 62702 | Crypt:3  | Found the +7 captain's cutlass {speed, disarm}
 62784 | Crypt:3  | Noticed Jory
 62798 | Crypt:3  | Killed Jory
 63066 | Crypt:3  | Found the +6 Majin-Bo {spellvamp, MP+6 Int+6}
 63503 | Depths:1 | Noticed a juggernaut
 63519 | Depths:1 | Killed a juggernaut
 63600 | Depths:1 | Found a broken altar of Ashenzari.
 63772 | Depths:1 | Found a basalt altar of Yredelemnul.
 63772 | Depths:1 | Found a hazy altar of Hepliaklqana.
 63803 | Depths:1 | Found a broken altar of Ashenzari.
 63803 | Depths:1 | Found a stormy altar of Qazlal.
 63934 | Depths:1 | Found a one-way gate leading to the halls of Pandemonium.
 64078 | Depths:1 | Found Ojasche's Jewellery Shop.
 64079 | Depths:1 | Found Zoeb's Book Emporium.
 64080 | Depths:1 | Found Sadaph Johoe's Jewellery Shop.
 64090 | Depths:1 | Bought the necklace of Bloodlust {Fury *Rage Will++ Int-3
                  | Slay+6} for 906 gold pieces
 64090 | Depths:1 | Found the necklace of Bloodlust {Fury *Rage Will++ Int-3
                  | Slay+6}
 64441 | Depths:1 | Found Coasie's Weapon Emporium.
 65176 | Depths:2 | Found Bopysycia's Antique Armour Shoppe.
 65290 | Depths:2 | Noticed a caustic shrike
 65293 | Depths:2 | Killed a caustic shrike
 65500 | Depths:2 | Noticed a caustic shrike
 65504 | Depths:2 | Killed a caustic shrike
 65533 | Depths:2 | Noticed a caustic shrike
 65682 | Depths:1 | Killed a caustic shrike
 65685 | Depths:1 | Reached XP level 24. HP: 247/247 MP: 36/36
 66409 | Depths:2 | You fall into a shaft and drop 2 floors!
 66409 | Depths:4 | Entered Level 4 of the Depths
 66709 | Depths:3 | Noticed Louise
 66714 | Depths:3 | Killed Louise
 67097 | Depths:2 | Noticed a juggernaut
 67104 | Depths:2 | Killed a juggernaut
 67772 | Elf:1    | Bought a +1 pair of boots of flying for 231 gold pieces
 69325 | Depths:3 | Found a shimmering blue altar of Sif Muna.
 69559 | Depths:4 | Found a one-way gateway to a ziggurat.
 70892 | Depths:4 | Found a gate to the Realm of Zot.
 71005 | Zot:1    | Entered Level 1 of the Realm of Zot
 71612 | Zot:1    | Identified the +8 mace "Tuihakk" {holy, rN+}
 72078 | Zot:2    | Reached XP level 25. HP: 255/255 MP: 36/36
 73010 | Zot:2    | HP: 8/255 [tentacled monstrosity (9)]
 73010 | Zot:2    | Killed from afar by a red draconian scorcher

Illustrated notes

Levels and vault maps discovered:
D:1:      spicycebolla_arrival_risky_transporter, layout_loops_corners,
          chequers_ecumenical_altar_island
D:2:      layout_basic, corexii_leaking_fountain, uniq_crazy_yiuf_cottage
D:3:      layout_loops_ring, nicolae_tso_carved_into_rock,
          okawaru_metal_pillars_1_2, minivault_24, kennysheep_small_spiral,
          kennysheep_path_1
D:4:      layout_basic, portal_sewer_entry_d, uniq_robin
D:5:      layout_loops_cross, overflow_temple_1_default, kennysheep_little_box,
          minmay_ogre_servants, uniq_blork_the_orc
D:6:      layout_gridville, amcnicky_altar_gilded, uniq_prince_ribbit1,
          uniq_edmund, uniq_maggie
D:7:      layout_loops_ring, tgw_kikubaaqudgha, minmay_temple_entry_steel_oval,
          minmay_checkerbox
D:8:      layout_loops_corners
D:9:      kennysheep_spiral_hall, layout_gridville, grunt_nemelex_the_gamble,
          nicolae_uskayaw_en_pointe, elyvilon_altar_5,
          minmay_guarded_unrand_resistance
D:10:     layout_long_grid, nicolae_qazlal_scattered_showers, led_xom_imps,
          hive_lemuel
D:11:     layout_gridville, ebering_ghost_gozag,
          nicolae_yredelemnul_corpse_copse
D:12:     layout_cave_pools, erik_orc_3, gammafunk_ghost_ooze,
          nicolae_dithmenos_shadow_blocks, uniq_fannar
D:13:     layout_gridville, david_vaults_3,
          ploomutoo_gammafunk_ghost_potion_laboratory, uniq_erolcha
D:14:     layout_basic, minmay_holes, nicolae_wu_jian_glorious_leap
D:15:     grunt_enter_depths_hoard, layout_stronghold, minmay_misc_feat_columns,
          minmay_statues_item, uniq_rupert
Lair:1:   layout_small_grid, minivault_25, nicolae_quartered_pool_impasse,
          uniq_harold
Lair:2:   layout_layer_cave, elwin_shoals_entry_rocks,
          grunt_forest_large_clearing_hut, grunt_megastairs_5
Lair:3:   layout_loops_ring, guppyfry_snake_entry_garden, uniq_amaemon
Lair:4:   dreamdust_isle_of_ice, layout_gridlike, grunt_megastairs_1
Lair:5:   evil_forest, layout_cave_pods, minmay_slime_entry_pillars,
          basic_altar, lemuel_fruit_tree, uniq_nessos
Shoals:1: layout_shoals, nicolae_alphabet_shops
Shoals:2: layout_shoals
Shoals:3: layout_shoals, serial_shops, nicolae_stop_n_shop_1,
          lemuel_centaur_altar, uniq_polyphemus, uniq_mlioglotl, uniq_jorgrun,
          uniq_roxanne
Shoals:4: shoals_end_simple, layout_shoals
Snake:1:  layout_gridlike, hellmonk_ghost_happy_afterlife,
          fake_guardian_serpent_vault, grunt_megastairs_2, uniq_nikola,
          uniq_azrael
Snake:2:  layout_honeycomb, evilmike_ambush [evilmike_ambush_outer_pillars,
          evilmike_ambush_inner_pond], minmay_shoptagon, uniq_aizul,
          uniq_frances
Snake:3:  layout_cave_shapes, gammafunk_ghost_abyssal_escape,
          guppyfry_snake_island
Snake:4:  snake_pit_salamanders_mu, layout_cave_shapes
Orc:1:    layout_caves, ebering_ghost_rock_garden, serial_shops, shop
Orc:2:    st_orc_open, layout_caves, portal_ice_cave_rime, uniq_saint_roka
Elf:1:    eino_elf_arrival_the_gate, layout_loops_corners, serial_shops,
          nicolae_shop_temple_entry_statues_fountains,
          nicolae_shop_behind_doors, shop, hangedman_elf_represent
Elf:2:    elven_hall_of_blades_hangedman_alternative [nicolae_blade_bullseye],
          layout_geoelf_diagonals, serial_shops, nicolae_shop_stone,
          serial_corexii_hall, corexii_hall_statues_l, corexii_hall_statues_x,
          corexii_hall_statues_i, chequers_hall_statues_y
Elf:3:    grunt_elf_hall_branching, layout_gridlike, enter_trove_2,
          serial_shops, nicolae_shop_hallway_plus
Vaults:1: vaults_dpeg_emergency_exit, v_pattern_4, grunt_vaults_swirl,
          nicolae_vaults_bisected_inception, v_rooms_3, dpeg_vaults_monster_box,
          st_lines, vaults_dpeg_cross, vaults_room_hallway,
          nicolae_vaults_ring_of_whatevers, vaults_mumra_hexcomb,
          hangedman_vaults_maws, layout_vaults_chaotic_city, serial_shops,
          shop_statue
Vaults:2: v_misc_17, ontoclasm_vaults_ligature, hangedman_vaults_hat,
          ontoclasm_vaults_loading_screen, serial_ice_h,
          ontoclasm_vaults_decontamination, layout_vaults_quadrants, uniq_zenata
Vaults:3: minmay_crypt_entry_necro_gods, nicolae_vaults_little_squares_1,
          v_misc_10, nicolae_vaults_meeting, v_misc_12, ontoclasm_vaults_spin,
          hangedman_vaults_river_flow, nicolae_vaults_yaktaur_gun_rack,
          nicolae_vaults_windows_and_doors_thing, ontoclasm_vaults_twist,
          layout_vaults_maze, serial_shops, nicolae_shop_hallway_plus
Vaults:4: v_pattern_2, nicolae_vaults_network_barrier,
          nicolae_vaults_puzzle_piece, grunt_vaults_trifunnel,
          ontoclasm_vaults_misaligned, v_misc_2, vaults_room_fancy_cross,
          vaults_mumra_lcd, nicolae_vaults_little_squares_3, st_cross,
          hangedman_vaults_capsules, layout_vaults_omnicross, serial_shops, shop
Vaults:5: serial_shops
Crypt:1:  layout_chaotic_city, gammafunk_ghost_arena
Crypt:2:  layout_catacombs, uniq_frederick
Crypt:3:  church_of_pain_bobbens, layout_chaotic_city
Depths:1: minmay_the_grid_octo_2x2 [minmay_the_grid_octo_shrine,
          minmay_the_grid_octo_toaster, minmay_the_grid_octo_odd_swirl,
          minmay_the_grid_octo_prize_square_snowflake], layout_gridlike,
          serial_shops, shop, grunt_mini_vestibule, pan_entry, minivault_1,
          cheibrodos_ashenzari_chains, minmay_shop_grove, serial_bayou_shore_a
Depths:2: grunt_x_marks_the_spot, layout_honeycomb, pf_hell_entry_great_geh,
          kennysheep_nub, serial_shops, nicolae_shop_overgrown_old_shop,
          pan_entry, infiniplex_staircase_hallway_doors
Depths:3: minmay_crystal_thing, layout_basic,
          nicolae_abyss_entry_one_way_or_another, infiniplex_staircase_pool_1,
          pf_hell_entry_tar_river, moated_statue
Depths:4: evilmike_zot_entry_hall, layout_basic, enter_ziggurat_e,
          rand_demon_pan_entry_1, hell_entry, grunt_decor_mini_mirrors,
          hangedman_abyss_entry_splay, minmay_orc_keep
Zot:1:    layout_gridlike
Zot:2:    layout_gridville, amethyst_zot_foddershock

Skill      XL: |  1  2  3  4  5  6  7  8  9 10 11 12 13 14 15 16 17 18 19 20 21 22 23 24 25 |
---------------+----------------------------------------------------------------------------+-----
Shields        | 4 5 8 14 15 | 15.0
Axes           | 3 4 5 7 9 12 | 12.5
Invocations    | 1 2 3 5 6 10 14 16 17 19 21 | 21.1
Polearms       | 7 9 11 18 20 23 24 | 24.4
Fighting       | 6 9 12 15 18 20 21 22 23 24 25 26 | 26.9
Armour         | 4 8 10 11 14 17 19 21 22 23 24 25 26 | 26.9
Dodging        | 4 10 13 14 | 14.9
Evocations     | 2 5 |  5.0

Action                     |  1- 3 |  4- 6 |  7- 9 | 10-12 | 13-15 | 16-18 | 19-21 | 22-24 | 25-27 || total
---------------------------+-------+-------+-------+-------+-------+-------+-------+-------+-------++-------
  Melee: War axe           |    65 |   145 |       |       |       |       |       |       |       ||   210
         Headbutt          |     5 |    17 |    16 |    88 |   233 |   246 |   387 |   483 |     6 ||  1481
         Hand axe          |       |    13 |   100 |       |       |       |       |       |       ||   113
         Lance             |       |       |    98 |   522 |  1117 |  1487 |   377 |  1707 |    55 ||  5363
         Demon trident     |       |       |       |       |       |       |  1085 |    26 |       ||  1111
 Invoke: Minor Destruction |       |    52 |   117 |    15 |   168 |   113 |    19 |       |       ||   484
         Lesser Servant of |       |       |     3 |     4 |     6 |       |       |     1 |       ||    14
         Greater Servant o |       |       |       |       |     4 |    12 |     6 |     1 |       ||    23
         Major Destruction |       |       |       |       |       |     4 |     3 |    44 |       ||    51
    Use: Scroll            |       |     5 |     7 |     1 |    22 |     5 |    24 |     9 |     1 ||    74
         Potion            |       |       |     1 |       |     7 |     3 |     2 |       |       ||    13
   Stab: Distracted        |       |       |     2 |       |       |     3 |     3 |       |       ||     8
         Fleeing           |       |       |       |       |       |     1 |       |       |       ||     1
 Armour: Chain mail        |    36 |   113 |    83 |   146 |   144 |       |       |       |       ||   522
         Scale mail        |     1 |       |       |       |       |       |       |       |       ||     1
         Plate armour      |       |       |       |       |   198 |   357 |    15 |       |       ||   570
         Gold dragon scale |       |       |       |       |       |       |   550 |   494 |    70 ||  1114
  Dodge: Dodged            |    24 |    59 |    51 |    88 |   311 |   205 |   298 |   247 |    26 ||  1309
  Block: Buckler           |    11 |    50 |    34 |    41 |    59 |       |       |       |       ||   195
         Kite shield       |       |       |       |       |   302 |   798 |   741 |   518 |    49 ||  2408
         Reflection        |       |       |       |       |       |    94 |    21 |       |       ||   115

Table legend: (Time is in decaauts)
 A = Elapsed time spent in this place.
 B = Non-inter-level travel time spent in this place.
 C = Inter-level travel time spent in this place.
 D = Time resting spent in this place.
 E = Time spent auto-exploring this place.
 F = Levels seen in this place.
 G = Mean time per level.
                   A        B        C        D        E       F      G
               +--------+--------+--------+--------+--------+-----+--------+
         Total |  71278 |  63464 |   7814 |  18119 |  32703 |  49 | 1454.7 |
       Dungeon |  20406 |  17370 |   3036 |   4840 |  10037 |  15 | 1360.4 |
          Lair |   7009 |   6065 |    944 |   1039 |   4088 |   5 | 1401.8 |
        Shoals |   4012 |   3672 |    340 |    940 |   1865 |   4 | 1003.0 |
     Snake Pit |   7366 |   7036 |    330 |   2919 |   2897 |   4 | 1841.5 |
  Orcish Mines |   2855 |   2349 |    506 |   1014 |    793 |   2 | 1427.5 |
   Elven Halls |   6270 |   5451 |    819 |   1295 |   3090 |   3 | 2090.0 |
        Vaults |   8618 |   7951 |    667 |   1804 |   4016 |   5 | 1723.6 |
         Crypt |   4435 |   4213 |    222 |    927 |   2184 |   3 | 1478.3 |
        Depths |   7136 |   6536 |    600 |   2250 |   2861 |   4 | 1784.0 |
           Zot |   1995 |   1649 |    346 |    749 |    605 |   2 |  997.5 |
         Sewer |    488 |    488 |      0 |    152 |     12 |   1 |  488.0 |
      Ice Cave |    685 |    685 |      0 |    187 |    252 |   1 |  685.0 |
               +--------+--------+--------+--------+--------+-----+--------+

Top non-repeatable levels by time:
 Snake:4: 2841 daAuts
   Elf:3: 2803 daAuts
Depths:1: 2561 daAuts
 Snake:3: 2487 daAuts
Vaults:1: 2170 daAuts
   Elf:2: 1942 daAuts
   Zot:1: 1929 daAuts
    D:12: 1885 daAuts
Vaults:5: 1858 daAuts
     D:9: 1840 daAuts
     D:8: 1824 daAuts
Vaults:3: 1823 daAuts
  Lair:3: 1792 daAuts
     D:5: 1788 daAuts
 Crypt:3: 1711 daAuts
